[Event "2nd Hersonissos Open 2018"]
[Site "Hersonissos"]
[Date "2018.06.23"]
[Round "8"]
[White "Serpetsidakis, Nikolaos"]
[Black "Parker, Keith"]
[Result "1-0"]
[ECO "A40"]
[WhiteElo "2126"]
[BlackElo "1846"]
[Annotator "NA"]
[PlyCount "74"]
[EventDate "2018.06.23"]
[EventType "swiss"]
[EventCountry "GRE"]
[SourceTitle "playchess.com"]
[Source "ChessBase"]
[SourceQuality "1"]
[TimeControl "5400+30"]

1. d4 c6 2. c4 Nf6 3. Nf3 g6 4. Nc3 d5 5. e3 Bg7 6. Bd3 dxc4 7. Bxc4 O-O 8. O-O Bg4 9. h3 Bxf3 10. Qxf3 Nbd7 11. Rd1 e5 12. Bb3 exd4 13. exd4 Nb6 14. Bg5 Qd6 15. Bf4 Qd7 16. Rac1 Rac8 17. Be5 Nbd5 18. Rc2 Rfe8 19. Re2 Re7 20. g4 Rce8 21. Rde1 Nxc3 22. bxc3 Nd5 23. c4 Nc7 24. c5 Nd5 25. Kf1 Re6 26. Qd3 Bxe5 27. dxe5 Rd8 28. Rd1 Qe7 29. Qd4 Qh4 30. Kg2 Qg5 31. Kg3 h5 32. f4 h4+ 33. Kh2 Qh6 34. Rf2 Ree8 35. Qa4 Qf8 36. Bxd5 Qxc5 37. Rc2 Qb6 1-0

[Event "2nd Hersonissos Open 2018"]
[Site "Hersonissos"]
[Date "2018.06.23"]
[Round "8"]
[White "Angermuende, Dirk"]
[Black "Brokalakis - Gounaris, Christos"]
[Result "0-1"]
[ECO "C36"]
[WhiteElo "1966"]
[BlackElo "1851"]
[Annotator "NA"]
[PlyCount "84"]
[EventDate "2018.06.23"]
[EventType "swiss"]
[EventCountry "GRE"]
[SourceTitle "playchess.com"]
[Source "ChessBase"]
[SourceQuality "1"]
[TimeControl "5400+30"]

1. e4 e5 2. f4 d5 3. exd5 exf4 4. Nf3 Nf6 5. Bb5+ Bd7 6. Bc4 Bd6 7. Nc3 O-O 8. O-O c6 9. d4 cxd5 10. Nxd5 Nc6 11. Bxf4 Bxf4 12. Nxf4 Bg4 13. c3 Qd6 14. Ne2 Rae8 15. Qc2 Bh5 16. Ng3 Bg6 17. Bd3 Nd5 18. Bxg6 fxg6 19. Qd2 Ne3 20. Rfe1 Nc4 21. Qc2 Qf4 22. Qb3 N6a5 23. Qb5 Rxe1+ 24. Rxe1 Qf7 25. b3 a6 26. Qg5 h6 27. Qe7 Qxe7 28. Rxe7 Nd6 29. Ne5 Kh7 30. Rd7 Rf6 31. Ng4 Rf4 32. Rxd6 Rxg4 33. Rb6 h5 34. b4 Nc4 35. Nf1 Re4 36. Rxb7 Re1 37. Kf2 Ra1 38. Rc7 Rxa2+ 39. Kf3 Nd6 40. Ne3 Ra3 41. Nd5 Nb5 42. Rc6 Nxd4+ 0-1

[Event "2nd Hersonissos Open 2018"]
[Site "Hersonissos"]
[Date "2018.06.23"]
[Round "8"]
[White "Stefanov, Evtim"]
[Black "Fragiadakis, Emanouel"]
[Result "1-0"]
[ECO "C50"]
[WhiteElo "1959"]
[BlackElo "1813"]
[Annotator "NA"]
[PlyCount "61"]
[EventDate "2018.06.23"]
[EventType "swiss"]
[EventCountry "GRE"]
[SourceTitle "playchess.com"]
[Source "ChessBase"]
[SourceQuality "1"]
[TimeControl "5400+30"]

1. e4 e5 2. Nf3 Nc6 3. Bc4 Bc5 4. O-O Nf6 5. d3 d6 6. Re1 O-O 7. Nbd2 Be6 8. c3 a6 9. a4 Rb8 10. a5 Ba7 11. b4 Qc8 12. Nf1 Ng4 13. Re2 Bxc4 14. dxc4 Qe6 15. Qd3 Ne7 16. h3 Nh6 17. g4 Kh8 18. Ng3 Nhg8 19. Kg2 f6 20. b5 g6 21. Rb1 Bc5 22. Nd4 exd4 23. cxd4 axb5 24. cxb5 f5 25. Bb2 Nf6 26. g5 fxe4 27. dxc5 Kg8 28. Bxf6 d5 29. Qd4 Nf5 30. Nxf5 Qxf5 31. Rb3 1-0

[Event "2nd Hersonissos Open 2018"]
[Site "Hersonissos"]
[Date "2018.06.23"]
[Round "8"]
[White "Bit-Narva, David"]
[Black "Ranaldi, Lucas"]
[Result "1-0"]
[ECO "B27"]
[WhiteElo "1926"]
[BlackElo "2283"]
[Annotator "NA"]
[PlyCount "106"]
[EventDate "2018.06.23"]
[EventType "swiss"]
[EventCountry "GRE"]
[SourceTitle "playchess.com"]
[Source "ChessBase"]
[SourceQuality "1"]
[TimeControl "5400+30"]

1. e4 c5 2. Nf3 g6 3. Bc4 Bg7 4. O-O Nc6 5. Re1 e6 6. c3 Nge7 7. Bf1 e5 8. d3 d5 9. exd5 Qxd5 10. Nbd2 O-O 11. Qb3 Qd8 12. Nc4 Qc7 13. Bg5 Be6 14. Qa3 f6 15. Bd2 b5 16. Ne3 Qb6 17. Nc2 Bd5 18. Be3 b4 19. cxb4 cxb4 20. Qa4 Qb7 21. Nd2 a5 22. Nc4 Bxc4 23. dxc4 Nf5 24. Qb5 Qc8 25. Be2 Nxe3 26. fxe3 f5 27. Rad1 e4 28. Rd6 Ne5 29. Nd4 Re8 30. Qd5+ Kh8 31. Ne6 Ra7 32. Rd1 Rae7 33. Nxg7 Kxg7 34. c5 Qc7 35. c6 Qa7 36. Qd4 Qxd4 37. exd4 Nf7 38. Rd5 Rc8 39. Rc5 Ra7 40. Bc4 Nd6 41. Be6 Rcc7 42. Bd7 Kf6 43. Rdc1 h5 44. Re5 Nc8 45. Re6+ Kf7 46. d5 Rxd7 47. cxd7 Rxd7 48. Rxc8 Rxd5 49. Ra6 Ke7 50. Rc7+ Kd8 51. Rh7 Rd1+ 52. Kf2 Rd2+ 53. Ke3 Rd3+ {[%emt 0:00:10] Kxe4} 1-0

[Event "2nd Hersonissos Open 2018"]
[Site "Hersonissos"]
[Date "2018.06.23"]
[Round "8"]
[White "Haverkamp, Klaus, Dr."]
[Black "Risting, Eivind Olav"]
[Result "0-1"]
[ECO "B13"]
[WhiteElo "1921"]
[BlackElo "2301"]
[Annotator "NA"]
[PlyCount "70"]
[EventDate "2018.06.23"]
[EventType "swiss"]
[EventCountry "GRE"]
[SourceTitle "playchess.com"]
[Source "ChessBase"]
[SourceQuality "1"]
[TimeControl "5400+30"]

1. e4 c6 2. d4 d5 3. exd5 cxd5 4. Bd3 Nc6 5. c3 Nf6 6. Bf4 g6 7. Nd2 Bg7 8. Ngf3 Nh5 9. Bg5 Qd6 10. g3 O-O 11. O-O Bg4 12. Be2 Rad8 13. Re1 f6 14. Be3 Kh8 15. Nf1 e5 16. Qd2 e4 17. Nh4 Bxe2 18. Rxe2 f5 19. Ng2 Rc8 20. Nf4 Nf6 21. Ng2 Nd8 22. Bh6 Ne6 23. Bxg7+ Kxg7 24. Ne1 f4 25. f3 Ng5 26. Kg2 exf3+ 27. Nxf3 Nxf3 28. Kxf3 Ne4 29. Rxe4 dxe4+ 30. Kxe4 Qe6+ 31. Kd3 Qf5+ 32. Ke2 fxg3 33. Nxg3 Qf3+ 34. Ke1 Rce8+ 35. Qe2 Rxe2+ 0-1

[Event "2nd Hersonissos Open 2018"]
[Site "Hersonissos"]
[Date "2018.06.23"]
[Round "8"]
[White "Maris, Ioannis"]
[Black "Saklampanakis, Dimitrios"]
[Result "1-0"]
[ECO "C54"]
[WhiteElo "1915"]
[BlackElo "1319"]
[Annotator "NA"]
[PlyCount "61"]
[EventDate "2018.06.23"]
[EventType "swiss"]
[EventCountry "GRE"]
[SourceTitle "playchess.com"]
[Source "ChessBase"]
[SourceQuality "1"]
[TimeControl "5400+30"]

1. e4 e5 2. Nf3 Nc6 3. Bc4 Bc5 4. c3 Nf6 5. d4 exd4 6. O-O Nxe4 7. cxd4 Bb6 8. d5 Ne7 9. Qe2 Nf6 10. Bg5 d6 11. Re1 Bf5 12. Nc3 a6 13. Bxf6 gxf6 14. Ne4 Bxe4 15. Qxe4 Qd7 16. Nh4 Kd8 17. Qf4 f5 18. Bb3 Rg8 19. h3 Re8 20. Rad1 Ng6 21. Qg5+ Kc8 22. Qxf5 Qxf5 23. Nxf5 Rxe1+ 24. Rxe1 Kd7 25. Ba4+ c6 26. dxc6+ bxc6 27. h4 Bc5 28. a3 a5 29. Kf1 Rb8 30. Re2 Ne5 31. f4 1-0

[Event "2nd Hersonissos Open 2018"]
[Site "Hersonissos"]
[Date "2018.06.23"]
[Round "8"]
[White "Bras, Emanouel"]
[Black "Mateev, Kaloyan Mateev"]
[Result "0-1"]
[ECO "A46"]
[WhiteElo "1859"]
[BlackElo "1539"]
[Annotator "NA"]
[PlyCount "106"]
[EventDate "2018.06.23"]
[EventType "swiss"]
[EventCountry "GRE"]
[SourceTitle "playchess.com"]
[Source "ChessBase"]
[SourceQuality "1"]
[TimeControl "5400+30"]

1. d4 Nf6 2. Nf3 d6 3. Bf4 Bf5 4. c3 Nbd7 5. Nbd2 e6 6. e3 a6 7. h3 h6 8. Be2 g5 9. Bg3 Bg7 10. O-O O-O 11. Ne1 Ne4 12. Nxe4 Bxe4 13. Nd3 b6 14. f3 Bb7 15. Nf2 f5 16. Bc4 d5 17. Bb3 Nf6 18. Nd3 Qe7 19. Be5 c5 20. Bc2 Nd7 21. Bxg7 Qxg7 22. f4 a5 23. Ba4 Nf6 24. dxc5 g4 25. h4 Ne4 26. cxb6 Ba6 27. Ne5 Qf6 28. Qe1 g3 29. Nf3 Rab8 30. Bc2 Rf7 31. Bxe4 dxe4 32. Qxg3+ Rg7 33. Ng5 Bxf1 34. Rxf1 hxg5 35. fxg5 Qd8 36. g6 Rxb6 37. h5 Qf6 38. Rf2 e5 39. Qh3 Rd6 40. Rxf5 Qe6 41. Rxe5 Rd1+ 42. Kf2 Qf6+ 43. Rf5 Qd8 44. Rb5 Qd2+ 45. Kg3 Qxe3+ 46. Kh4 Qxh3+ 47. gxh3 Re7 48. Kg5 Rd8 49. h6 e3 50. Kf6 Rde8 51. h7+ Kh8 52. Rb8 Rxb8 53. Kxe7 Kg7 0-1

[Event "2nd Hersonissos Open 2018"]
[Site "Hersonissos"]
[Date "2018.06.23"]
[Round "8"]
[White "Warnk, Torsten"]
[Black "Koutsourakis, Ioannis"]
[Result "1/2-1/2"]
[ECO "D02"]
[WhiteElo "1853"]
[BlackElo "1560"]
[Annotator "NA"]
[PlyCount "119"]
[EventDate "2018.06.23"]
[EventType "swiss"]
[EventCountry "GRE"]
[SourceTitle "playchess.com"]
[Source "ChessBase"]
[SourceQuality "1"]
[TimeControl "5400+30"]

1. d4 d5 2. Nf3 Nf6 3. Bf4 c5 4. e3 e6 5. c4 Nc6 6. Nc3 a6 7. Be2 dxc4 8. dxc5 Qxd1+ 9. Rxd1 Bxc5 10. Bxc4 b5 11. Be2 Bb7 12. O-O O-O 13. Rc1 Bb6 14. Ne5 Nxe5 15. Bxe5 Nd5 16. Nxd5 Bxd5 17. a3 Rac8 18. a4 Rxc1 19. Rxc1 bxa4 20. Bxa6 f6 21. Bd6 Rd8 22. Ba3 Kf7 23. Rc8 Rxc8 24. Bxc8 Ke8 25. Ba6 Kd8 26. Bb5 Bb3 27. Kf1 Kc8 28. Ke2 Kb7 29. Kd3 Bc7 30. h3 Kb6 31. Be8 e5 32. Kc3 Ka5 33. Bb4+ Ka6 34. Bh5 Kb6 35. Be2 Bd8 36. Bf8 g6 37. Kb4 Bd5 38. g3 Bc6 39. Bd1 Ka6 40. Ka3 Bd7 41. h4 g5 42. h5 f5 43. Bxa4 Be6 44. Bb3 Bxb3 45. Kxb3 Kb5 46. Bg7 e4 47. Kc3 Bb6 48. b4 g4 49. Bd4 Bd8 50. Bg7 Bb6 51. Bf8 Ba7 52. Bc5 Bxc5 53. bxc5 Kxc5 54. h6 Kd5 55. Kb4 Kd6 56. Kc4 Kc6 57. Kd4 Kd6 58. Kc4 Kc6 59. Kb4 Kb6 60. Kc4 1/2-1/2

[Event "2nd Hersonissos Open 2018"]
[Site "Hersonissos"]
[Date "2018.06.23"]
[Round "8"]
[White "Storkebaum, Ulrike"]
[Black "Sielicki, Tomasz"]
[Result "0-1"]
[ECO "C44"]
[WhiteElo "1825"]
[BlackElo "1963"]
[Annotator "NA"]
[PlyCount "40"]
[EventDate "2018.06.23"]
[EventType "swiss"]
[EventCountry "GRE"]
[SourceTitle "playchess.com"]
[Source "ChessBase"]
[SourceQuality "1"]
[TimeControl "5400+30"]

1. e4 e5 2. Nf3 Nc6 3. d4 exd4 4. Nxd4 Bb4+ 5. Nc3 Qe7 6. Ndb5 d5 7. Bd2 Nf6 8. Qe2 dxe4 9. a3 Ba5 10. Na2 Bg4 11. Qe3 Nd5 12. Qg3 Bxd2+ 13. Kxd2 Rd8 14. Ke1 Ne5 15. h3 Nf3+ 16. Ke2 Nd4+ 17. Kd2 Qg5+ 18. f4 exf3+ 19. Kd1 fxg2+ 20. hxg4 gxh1=Q 0-1

[Event "2nd Hersonissos Open 2018"]
[Site "Hersonissos"]
[Date "2018.06.23"]
[Round "8"]
[White "Kotsinis, Alexandros"]
[Black "Iminov, Bachtiar"]
[Result "0-1"]
[ECO "E81"]
[WhiteElo "1655"]
[BlackElo "1842"]
[Annotator "NA"]
[PlyCount "86"]
[EventDate "2018.06.23"]
[EventType "swiss"]
[EventCountry "GRE"]
[SourceTitle "playchess.com"]
[Source "ChessBase"]
[SourceQuality "1"]
[TimeControl "5400+30"]

1. d4 Nf6 2. c4 g6 3. Nc3 Bg7 4. e4 d6 5. f3 O-O 6. Be3 a6 7. Nge2 Nbd7 8. Qd2 c5 9. Nf4 cxd4 10. Qxd4 e5 11. Qxd6 exf4 12. Bxf4 Nh5 13. Be3 Qf6 14. Qd2 Qc6 15. Rd1 Ne5 16. Nd5 Re8 17. Be2 Be6 18. O-O Nxc4 19. Bxc4 Qxc4 20. Nb6 Qxa2 21. Nxa8 Rxa8 22. g4 Nf6 23. Qd8+ Rxd8 24. Rxd8+ Bf8 25. Bh6 Nd7 26. Rd1 Qxb2 27. R1xd7 Qb1+ 28. Kg2 Qb2+ 29. Kg1 Qb1+ 30. Kg2 Qb2+ 31. Kh3 Qa3 32. Rd3 Qc5 33. Rb8 Qh5+ 34. Kg3 Qxh6 35. Rdd8 b5 36. e5 Qg7 37. f4 Bc4 38. Ra8 f6 39. Re8 fxe5 40. Rxe5 Qf6 41. g5 Qd6 42. Ree8 Qa3+ 43. Kh4 Bf1 0-1

[Event "2nd Hersonissos Open 2018"]
[Site "Hersonissos"]
[Date "2018.06.23"]
[Round "8"]
[White "Kozyris, Ilias"]
[Black "Aggeletos, Marios"]
[Result "0-1"]
[ECO "B97"]
[WhiteElo "1570"]
[BlackElo "1769"]
[Annotator "NA"]
[PlyCount "74"]
[EventDate "2018.06.23"]
[EventType "swiss"]
[EventCountry "GRE"]
[SourceTitle "playchess.com"]
[Source "ChessBase"]
[SourceQuality "1"]
[TimeControl "5400+30"]

1. e4 c5 2. Nf3 d6 3. d4 cxd4 4. Nxd4 Nf6 5. Nc3 a6 6. Bg5 e6 7. f4 Qb6 8. Nb3 Nbd7 9. Qf3 Be7 10. g4 h6 11. Bxf6 Bxf6 12. O-O-O g5 13. fxg5 Bxg5+ 14. Kb1 Ne5 15. Qg3 Bd7 16. h4 Be7 17. Be2 O-O-O 18. Rd4 Kb8 19. Rhd1 Rhg8 20. a3 Qc7 21. Na4 f6 22. Na1 Nc6 23. R4d3 f5 24. exf5 exf5 25. Qe3 Bxh4 26. Rxd6 Bg5 27. Qb3 Na5 28. Qb6 Bxa4 29. Rxd8+ Rxd8 30. Rxd8+ Qxd8 31. Qb4 Bc6 32. gxf5 Bf6 33. Qf4+ Ka7 34. Qxh6 Qd4 35. c3 Be4+ 36. Kc1 Qg1+ 37. Kd2 Bg5+ 0-1

[Event "2nd Hersonissos Open 2018"]
[Site "Hersonissos"]
[Date "2018.06.23"]
[Round "8"]
[White "Ergazaki, Eirini"]
[Black "Pliev, Vladimir"]
[Result "0-1"]
[ECO "B26"]
[WhiteElo "1348"]
[BlackElo "1909"]
[Annotator "NA"]
[PlyCount "60"]
[EventDate "2018.06.23"]
[EventType "swiss"]
[EventCountry "GRE"]
[SourceTitle "playchess.com"]
[Source "ChessBase"]
[SourceQuality "1"]
[TimeControl "5400+30"]

1. e4 c5 2. Nc3 Nc6 3. g3 g6 4. Bg2 Bg7 5. d3 d6 6. Be3 Nd4 7. Qd2 e5 8. Nd1 Be6 9. c3 Nc6 10. Ne2 Qd7 11. O-O Nge7 12. f4 O-O 13. Nf2 f5 14. Rfd1 Rad8 15. d4 cxd4 16. cxd4 fxe4 17. Bxe4 d5 18. Bg2 e4 19. Qc3 Rc8 20. Qe1 Nf5 21. Bc1 Nfxd4 22. Nxd4 Nxd4 23. Qf1 Qb5 24. Qxb5 Nxb5 25. Rb1 Rc2 26. Bf1 Nd4 27. a4 Nf3+ 28. Kg2 d4 29. b3 e3 30. Kxf3 Rxf2+ 0-1

[Event "2nd Hersonissos Open 2018"]
[Site "Hersonissos"]
[Date "2018.06.24"]
[Round "9"]
[White "Risting, Eivind Olav"]
[Black "Hommeles, Theo"]
[Result "1/2-1/2"]
[ECO "D45"]
[WhiteElo "2301"]
[BlackElo "2361"]
[Annotator "NA"]
[PlyCount "28"]
[EventDate "2018.06.23"]
[EventType "swiss"]
[EventCountry "GRE"]
[SourceTitle "playchess.com"]
[Source "ChessBase"]
[SourceQuality "1"]
[TimeControl "5400+30"]

1. d4 d5 2. c4 c6 3. Nf3 Nf6 4. Nc3 e6 5. e3 Nbd7 6. Qc2 Bd6 7. Bd3 {[%emt 0:00:12] LiveBook: 3645 Games} O-O 8. O-O h6 9. b3 a6 10. Rd1 e5 11. dxe5 Nxe5 $11 12. Be2 Bg4 13. Nxe5 Bxe2 14. Qxe2 Bxe5 1/2-1/2

[Event "2nd Hersonissos Open 2018"]
[Site "Hersonissos"]
[Date "2018.06.24"]
[Round "9"]
[White "Ranaldi, Lucas"]
[Black "Maris, Ioannis"]
[Result "1-0"]
[ECO "A04"]
[WhiteElo "2283"]
[BlackElo "1915"]
[Annotator "NA"]
[PlyCount "47"]
[EventDate "2018.06.23"]
[EventType "swiss"]
[EventCountry "GRE"]
[SourceTitle "playchess.com"]
[Source "ChessBase"]
[SourceQuality "1"]
[TimeControl "5400+30"]

1. Nf3 c5 2. c4 Nc6 3. Nc3 g6 4. e3 Bg7 5. d4 cxd4 6. exd4 d6 7. d5 Ne5 8. Nd4 {[%emt 0:00:11] A35: Symmetrical English: 2 Nc3 Nc6 3 Nf3} (8. Nxe5 Bxe5 9. Bd3 Bg7 10. O-O Nf6 11. Re1 O-O 12. h3 a6 13. Bg5 Re8 14. Qd2 Bd7 15. a4 Qa5 16. Qc2 Rac8 {0-1 (60) Pantsulaia,L (2605)-Zwardon,V (2412) chess.com INT 2018}) 8... a6 9. Nc2 $146 ({Predecessor:} 9. f4 Nd7 10. Be3 e5 11. dxe6 Ndf6 12. exf7+ Kxf7 13. Qb3 Ne7 14. O-O-O Re8 15. Nf3 Kf8 {0-1 (36) Bene,Z (2084)-Kalanyos,F (2013) Hungary 2004}) 9... Nf6 10. Be2 O-O 11. O-O Qc7 12. Ne3 Rb8 13. Bd2 Qb6 14. b3 Qd4 15. Nc2 Qh4 16. f4 Ned7 {[%emt 0:23:29] [#]} 17. Be1 $1 Qh6 18. g4 Qh3 {[%emt 0:03:07] [#]} 19. g5 $1 Nc5 $18 20. gxf6 Bxf6 21. Rf3 Qg4+ 22. Kh1 b5 23. b4 Bxc3 24. Rxc3 1-0

[Event "2nd Hersonissos Open 2018"]
[Site "Hersonissos"]
[Date "2018.06.24"]
[Round "9"]
[White "Sielicki, Tomasz"]
[Black "Haug, Johannes"]
[Result "0-1"]
[ECO "A83"]
[WhiteElo "1963"]
[BlackElo "2401"]
[Annotator "NA"]
[PlyCount "76"]
[EventDate "2018.06.23"]
[EventType "swiss"]
[EventCountry "GRE"]
[SourceTitle "playchess.com"]
[Source "ChessBase"]
[SourceQuality "1"]
[TimeControl "5400+30"]

1. d4 f5 2. e4 fxe4 3. Nc3 Nf6 4. Bg5 Nc6 5. d5 Ne5 6. Qd4 Nf7 7. h4 ({Better is} 7. Nh3 $11) 7... c6 8. O-O-O Qb6 {[%emt 0:00:27] A83: Dutch Defence: Staunton Gambit with 3 Nc3 Nf6 4 Bg5} 9. Bxf6 gxf6 10. Qxe4 {[%emt 0:01:03] LiveBook: 18 Games} Qxf2 11. Bd3 $146 ({Predecessor:} 11. Nf3 f5 12. Qxf5 Qe3+ 13. Kb1 d6 14. Qd3 Qxd3 15. Bxd3 Bg7 16. Ng5 {0-1 (38) Del Rio de Angelis,S (2522)-Vallejo Pons,F (2713) Linares 2016}) 11... Bh6+ 12. Kb1 Qf4 13. Qe2 d6 14. Nf3 Bg4 15. Rhe1 (15. dxc6 $14 bxc6 16. Be4) 15... Ne5 16. dxc6 bxc6 17. Be4 Bxf3 18. Bxf3 O-O 19. Qf2 Qb4 20. a3 $17 Qb6 21. Qxb6 axb6 22. Rxe5 dxe5 23. Bxc6 Rad8 24. Bd7 Kf7 25. Na4 Be3 26. Rd3 Bd4 27. Bf5 e6 28. Bxh7 Rh8 29. Be4 Rxh4 30. Bc6 e4 31. Rb3 f5 32. Nxb6 Rh1+ 33. Ka2 Rd6 34. c3 Bxb6 35. Rxb6 Kf6 36. c4 e3 37. c5 Rxc6 38. Rxc6 e2 0-1

[Event "2nd Hersonissos Open 2018"]
[Site "Hersonissos"]
[Date "2018.06.24"]
[Round "9"]
[White "Kadianis, Georgios"]
[Black "Bit-Narva, David"]
[Result "0-1"]
[ECO "B06"]
[WhiteElo "1917"]
[BlackElo "1926"]
[Annotator "NA"]
[PlyCount "126"]
[EventDate "2018.06.23"]
[EventType "swiss"]
[EventCountry "GRE"]
[SourceTitle "playchess.com"]
[Source "ChessBase"]
[SourceQuality "1"]
[TimeControl "5400+30"]

1. e4 g6 2. d4 Bg7 3. Nc3 d6 4. Be3 a6 5. Qd2 Nd7 6. O-O-O b5 7. f3 Bb7 8. g4 h6 9. h4 c5 10. dxc5 dxc5 11. Bh3 e6 12. Nce2 Qc7 13. Bf4 Ne5 14. Bxe5 Bxe5 15. Qe3 Bg7 16. f4 Qa5 17. a3 b4 18. Ng3 c4 19. Kb1 c3 20. Nf3 bxa3 21. b3 a2+ 22. Ka1 Rc8 23. Ne5 Bxe5 24. fxe5 Qxe5 25. Qd4 Qxd4 26. Rxd4 Ke7 27. Rhd1 Nf6 28. e5 Nd5 29. Ne4 Rc7 30. Nd6 Ne3 31. Rc1 Rd8 32. Rd3 Nd5 33. Rf1 Rf8 34. Rdf3 f5 35. Nxb7 Rxb7 36. h5 Rg8 37. hxg6 f4 38. Bg2 Rxg6 39. Rxf4 Nxf4 40. Bxb7 Rxg4 41. Kxa2 Nd5 42. Bxd5 exd5 43. Rf3 d4 44. b4 Ke6 45. Rf6+ Kxe5 46. Rxh6 d3 47. cxd3 Rxb4 48. Rh2 a5 49. Ka3 Rb7 50. Rh4 Rc7 51. d4+ Kd5 52. Rh1 Kxd4 53. Kb3 Rb7+ 54. Kc2 Rb2+ 55. Kc1 a4 56. Rh4+ Kd3 57. Rh3+ Kc4 58. Rh8 a3 59. Rc8+ Kd4 60. Rd8+ Ke5 61. Re8+ Kd6 62. Rd8+ Ke7 63. Rc8 a2 0-1

[Event "2nd Hersonissos Open 2018"]
[Site "Hersonissos"]
[Date "2018.06.24"]
[Round "9"]
[White "Pliev, Vladimir"]
[Black "Serpetsidakis, Nikolaos"]
[Result "1-0"]
[ECO "C10"]
[WhiteElo "1909"]
[BlackElo "2126"]
[Annotator "NA"]
[PlyCount "119"]
[EventDate "2018.06.23"]
[EventType "swiss"]
[EventCountry "GRE"]
[SourceTitle "playchess.com"]
[Source "ChessBase"]
[SourceQuality "1"]
[TimeControl "5400+30"]

1. e4 e6 2. d4 d5 3. Nc3 Nc6 4. Nf3 Nf6 {[%emt 0:00:08] LiveBook: 955 Games} 5. Bg5 Be7 6. e5 Ne4 7. Bxe7 Qxe7 8. a3 Bd7 9. Bd3 $15 Ng5 10. Be2 Nxf3+ 11. Bxf3 f6 12. O-O fxe5 13. dxe5 O-O-O 14. Re1 Qg5 15. g3 Rdf8 16. Bg2 Qf5 17. f4 g5 18. Ne2 gxf4 19. Nxf4 Qg5 20. Qe2 Rf5 21. Nd3 Rhf8 22. Qe3 Qxe3+ 23. Rxe3 Nd4 24. Rc1 Bb5 25. Nf4 Rxf4 26. gxf4 Ne2+ 27. Rxe2 Bxe2 28. Kf2 Bg4 29. Ke3 c5 30. c3 Bf5 31. Bf3 Rg8 32. Kf2 Kc7 33. Ke3 Kb6 34. Kf2 a5 35. Ke3 a4 36. Kf2 h5 37. h4 Be4 38. Bxe4 dxe4 39. Rd1 Rg4 40. Ke3 Rxh4 41. Rd6+ Kc7 42. Rxe6 Rh1 43. Kxe4 h4 44. Rh6 h3 45. Rh7+ Kc6 46. Kf5 h2 47. Ke6 Rf1 48. Rxh2 Rxf4 49. Rd2 b5 50. Ke7 b4 51. axb4 cxb4 52. cxb4 Rxb4 53. e6 Re4 54. Kf6 Rf4+ 55. Ke5 Rf3 56. Rc2+ Kb7 57. Rc4 a3 58. bxa3 Rxa3 59. e7 Ra8 60. Ke4 1-0

[Event "2nd Hersonissos Open 2018"]
[Site "Hersonissos"]
[Date "2018.06.24"]
[Round "9"]
[White "Brokalakis - Gounaris, Christos"]
[Black "Lirindzakis, Timotheos"]
[Result "1/2-1/2"]
[ECO "E32"]
[WhiteElo "1851"]
[BlackElo "2163"]
[Annotator "NA"]
[PlyCount "48"]
[EventDate "2018.06.23"]
[EventType "swiss"]
[EventCountry "GRE"]
[SourceTitle "playchess.com"]
[Source "ChessBase"]
[SourceQuality "1"]
[TimeControl "5400+30"]

1. d4 Nf6 2. c4 e6 3. Nc3 Bb4 4. Qc2 b6 (4... d5 $11 {keeps the balance.}) 5. Bg5 Bb7 $11 {[%emt 0:06:26] LiveBook: 38 Games} 6. f3 h6 7. Bh4 c5 8. a3 Bxc3+ 9. Qxc3 cxd4 10. Qxd4 Nc6 11. Qc3 Ne4 12. Bxd8 Nxc3 13. Bh4 Na4 14. Rb1 Ne5 15. e3 Rc8 16. b3 Nc5 17. Bg3 f6 18. Nh3 Ke7 19. Nf2 d5 20. Be2 dxc4 21. Bxe5 fxe5 22. Bxc4 Bd5 23. Bxd5 exd5 24. Ke2 Rc6 1/2-1/2

[Event "2nd Hersonissos Open 2018"]
[Site "Hersonissos"]
[Date "2018.06.24"]
[Round "9"]
[White "Iminov, Bachtiar"]
[Black "Storkebaum, Ulrike"]
[Result "0-1"]
[ECO "A05"]
[WhiteElo "1842"]
[BlackElo "1825"]
[Annotator "NA"]
[PlyCount "80"]
[EventDate "2018.06.23"]
[EventType "swiss"]
[EventCountry "GRE"]
[SourceTitle "playchess.com"]
[Source "ChessBase"]
[SourceQuality "1"]
[TimeControl "5400+30"]

1. Nf3 Nf6 2. c4 g6 3. b4 Bg7 4. Bb2 O-O 5. g3 d6 6. Bg2 e5 7. O-O Nc6 8. b5 Ne7 9. d3 Rb8 10. Nbd2 c5 11. Ne1 Ng4 12. h3 Nh6 13. Nc2 f5 14. Ne3 Be6 15. Nb1 f4 16. Nd5 fxg3 17. fxg3 Nhf5 18. g4 Nh4 19. Nbc3 Nxg2 20. Kxg2 Nxd5 21. cxd5 Bd7 22. Qd2 a6 23. Rxf8+ Qxf8 24. Rf1 Qd8 25. bxa6 bxa6 26. Ne4 Qe7 27. Bc3 Rf8 28. Rxf8+ Qxf8 29. Ba5 Bf6 30. Bc7 Be7 31. Qa5 h5 32. Qb6 hxg4 33. hxg4 Qf4 34. g5 Qg4+ 35. Kf2 Qh4+ 36. Kg2 Bh3+ 37. Kg1 Qg4+ 38. Kf2 Qf4+ 39. Ke1 Qc1+ 40. Kf2 Qf1+ 0-1

[Event "2nd Hersonissos Open 2018"]
[Site "Hersonissos"]
[Date "2018.06.24"]
[Round "9"]
[White "Fragiadakis, Emanouel"]
[Black "Kotsinis, Alexandros"]
[Result "0-1"]
[ECO "D20"]
[WhiteElo "1813"]
[BlackElo "1655"]
[Annotator "NA"]
[PlyCount "50"]
[EventDate "2018.06.23"]
[EventType "swiss"]
[EventCountry "GRE"]
[SourceTitle "playchess.com"]
[Source "ChessBase"]
[SourceQuality "1"]
[TimeControl "5400+30"]

1. d4 d5 2. c4 dxc4 3. e3 e5 4. Nf3 exd4 5. exd4 Nf6 6. Bxc4 Bb4+ 7. Nc3 O-O 8. O-O Bg4 9. Be3 Nc6 10. h3 Bh5 11. a3 Bxc3 12. bxc3 Na5 13. Be2 Qd5 14. Ne5 Bxe2 15. Qxe2 b5 16. a4 a6 17. c4 bxc4 18. Rac1 Rab8 19. Nxc4 Nb3 20. Rc2 Rfd8 21. Ne5 c5 22. Qxa6 Rd6 23. Qd3 Nxd4 24. Bxd4 cxd4 25. Nc6 Rxc6 0-1

[Event "2nd Hersonissos Open 2018"]
[Site "Hersonissos"]
[Date "2018.06.24"]
[Round "9"]
[White "Aggeletos, Marios"]
[Black "Aggelakis, Ilias"]
[Result "1-0"]
[ECO "D35"]
[WhiteElo "1769"]
[BlackElo "1683"]
[Annotator "NA"]
[PlyCount "109"]
[EventDate "2018.06.23"]
[EventType "swiss"]
[EventCountry "GRE"]
[SourceTitle "playchess.com"]
[Source "ChessBase"]
[SourceQuality "1"]
[TimeControl "5400+30"]

1. d4 d5 2. c4 e6 3. Nc3 Nf6 4. cxd5 exd5 5. Bg5 Be7 6. e3 O-O 7. Bd3 h6 8. Bh4 b6 9. Nf3 Bb7 10. O-O Nbd7 11. Qb3 c5 12. dxc5 Nxc5 13. Qd1 Nfe4 14. Bxe7 Qxe7 15. Ne2 Rac8 16. Ned4 Rfd8 17. Nf5 Qf6 18. N3d4 Nxd3 19. Qxd3 Nc5 20. Qd2 Ne4 21. Qe2 Rc5 22. Rfd1 Rdc8 23. f3 Nd6 24. Nxd6 Qxd6 25. Qd3 Qf6 26. Qf5 Qe7 27. Qf4 Qc7 28. Qxc7 R8xc7 29. Rd2 g6 30. Rad1 Kg7 31. Kf2 a6 32. Ne2 Kf6 33. Nc3 Ke6 34. Rd4 b5 35. R1d2 a5 36. a3 h5 37. Kg3 f6 38. h4 g5 39. Kh3 Bc6 40. g4 hxg4+ 41. fxg4 gxh4 42. Kxh4 Rh7+ 43. Kg3 Rg7 44. Ne2 Rg5 45. Nf4+ Kf7 46. Rf2 Ke7 47. Rh2 f5 48. Nd3 Rc4 49. Ne5 Rc1 50. Rh7+ Kf6 51. Nxc6 Rxc6 52. Rh6+ Rg6 53. Rxg6+ Kxg6 54. Rxd5 fxg4 55. Rxb5 1-0